 Dungeon Crawl Stone Soup version 0.22.1-1-ga44c0e56f4 (webtiles) character file.

3824 Narretz the Spear-Bearer (level 10, -4/60 HPs)
             Began as a Tengu Skald on Oct 27, 2018.
             Was a Believer of Qazlal.
             Slain by a vampire (9 damage)
             ... on level 9 of the Dungeon.
             The game lasted 00:52:26 (10675 turns).

Narretz the Spear-Bearer (Tengu Skald)             Turns: 10675, Time: 00:52:26

Health: -4/60      AC:  5    Str: 13    XL:     10   Next: 17%
Magic:  7/18       EV: 15    Int: 13    God:    Qazlal [**....]
Gold:   591        SH:  3    Dex: 21    Spells: 6/18 levels left

rFire    . . .     SeeInvis +   E - +2 halberd
rCold    . . .     Gourm    .   (shield currently unavailable)
rNeg     . . .     Faith    .   b - +0 leather armour
rPois    .         Spirit   .   (helmet restricted)
rElec    .         Reflect  .   y - +0 cloak
rCorr    .         Harm     .   i - +0 pair of gloves
MR       .....                  (boots unavailable)
Stlth    ++........             (no amulet)
HPRegen  0.20/turn              n - ring of see invisible
MPRegen  0.16/turn              T - +5 ring of dexterity

@: infused
A: beak, talons 3, able to fly 1
a: Fly, Upheaval, Renounce Religion


You were on level 9 of the Dungeon.
You worshipped Qazlal.
Qazlal was pleased with you.
You were not hungry.

You visited 1 branch of the dungeon, and saw 10 of its levels.

You collected 591 gold pieces.

Inventory:

Hand Weapons
 a - a +0 hand axe
 m - a cursed +0 hunting sling
 B - a +3 spear
 E - a +2 halberd (weapon)
 I - the cursed +2 rapier of Gluttony {drain, SInv}
   (You found it on level 7 of the Dungeon)

   A truly terrible weapon, it drains the life of those it strikes.
   It lets you see invisible.
   It has a curse placed upon it.
Missiles
 t - 33 sling bullets
Armour
 b - a +0 leather armour (worn)
 i - a +0 pair of gloves (worn)
 y - a +0 cloak (worn)
 H - the +1 ring mail "Vaowivul" {rElec}
   (You found it on level 6 of the Dungeon)

   It insulates you from electricity.
Magical Staves
 v - an uncursed staff of earth {unknown}
Jewellery
 g - an uncursed ring of ice
 n - a ring of see invisible (left hand)
 p - a +3 ring of intelligence
 q - a +3 ring of protection
 T - a +5 ring of dexterity (right hand)
Wands
 c - a wand of random effects (26)
 o - a wand of polymorph (12)
 D - a wand of enslavement (8)
 M - a wand of clouds (4)
 Q - a wand of flame (45)
 R - a wand of acid (6)
Scrolls
 e - 2 scrolls of teleportation
 f - 2 scrolls of enchant weapon {unknown}
 k - 2 scrolls of enchant armour {unknown}
 s - 7 scrolls of identify
 w - 3 scrolls of fear {unknown}
 C - a scroll of immolation {unknown}
 G - a scroll of magic mapping {unknown}
 L - 2 scrolls of remove curse
 N - 2 scrolls of blinking {unknown}
 P - 3 scrolls of amnesia {unknown}
 S - a scroll of fog {unknown}
Potions
 l - 3 potions of flight {unknown}
 u - 2 potions of mutation {unknown}
 x - a potion of agility {unknown}
 z - a potion of degeneration {unknown}
 A - a potion of cancellation {unknown}
 F - a potion of haste {unknown}
 J - a potion of invisibility {unknown}
 O - a potion of brilliance {unknown}
Comestibles
 d - 13 rations
 h - 2 chunks of flesh


   Skills:
 + Level 5.6 Fighting
 + Level 4.4(7.2) Axes
 + Level 8.9(9.3) Polearms
 + Level 3.2 Throwing
 - Level 3.3 Armour
 + Level 5.2 Dodging
 - Level 1.8 Stealth
 * Level 4.8 Spellcasting
 + Level 3.1 Conjurations
 + Level 4.1 Charms
 * Level 0.5 Necromancy
 + Level 0.8 Invocations
 + Level 1.2 Evocations


You had 6 spell levels left.
You knew the following spells:

 Your Spells              Type           Power        Failure   Level  Hunger
a - Infusion              Chrm           ##..         4%          1    None
b - Song of Slaying       Chrm           ##......     7%          2    ##.....
c - Magic Dart            Conj           ##..         7%          1    None
d - Blink                 Tloc           N/A          36%         2    ##.....
e - Regeneration          Chrm/Necr      #.........   28%         3    ###....
f - Ozocubu's Armour      Chrm/Ice       #.......     30%         3    ###....

Your spell library contained the following spells:

 Spells                   Type           Power        Failure   Level  Hunger
 Shroud of Golubria       Chrm/Tloc      #.........   16%         2    ##.....
 Throw Frost              Conj/Ice       #.....       19%         2    ##.....
 Freeze                   Ice            #...         24%         1    None
 Spectral Weapon          Hex/Chrm       #.......     30%         3    ###....
 Call Imp                 Summ           #.......     36%         2    ##.....
 Slow                     Hex            #.......     36%         2    ##.....
 Conjure Flame            Conj/Fire      #.......     36%         3    ###....
 Mephitic Cloud           Conj/Pois/Air  #.......     43%         3    ###....
 Throw Icicle             Conj/Ice       #.......     77%         4    ####...
 Summon Ice Beast         Ice/Summ       #.......     94%         4    ####...


Dungeon Overview and Level Annotations

Branches:
Dungeon (10/15)            Temple (0/1) D:6            Lair (0/6) D:8
    Orc (0/2) D:9

Altars:
Cheibriados
Elyvilon
Fedhas
Gozag
Hepliaklqana
Nemelex Xobeh
Qazlal
Ru
Sif Muna
Trog
Uskayaw
Xom
The Shining One


Innate Abilities, Weirdness & Mutations

You have a beak for a mouth.
You have claws for feet.
You can fly.


Message History

The unseen horror is engulfed in blazing flames.
The unseen horror hits you.
The unseen horror is engulfed in blazing flames.
The unseen horror hits you but does no damage.
The unseen horror is engulfed in blazing flames.
The orc hits you but does no damage.
Casting: Infusion (safe; 4% risk of failure)
Confirm with . or Enter, or press ? or * to list all spells.
You extend your infusion's duration.
The unseen horror hits you.
* * * LOW HITPOINT WARNING * * *
The unseen horror misses you. The orc barely misses you.
The vampire completely misses you. The vampire bites you!
* * * LOW HITPOINT WARNING * * *
The vampire draws strength from your injuries!
Aiming: Upheaval
Press: ? - help, Dir - move target cursor Magma suddenly erupts from the ground!
The unseen horror barely misses you. The orc barely misses you.
The vampire misses you. The vampire bites you!
You die...

###..... ..............#
........ .....................#
.....>. .....................#
............o......#..........#
....# #...###...?. ##.........#
....# #...###....## ##........#
.[..###...###.x...###........<#
...................#....o((.Z.#
...............§@.....).(.....#
...............V§o.....(......#
###...............(?.((.(.....#
# #...........................#
###....†......................#
.....###......................#
.....###......................#
.....###......................#
..............#...............#


You could see an unseen horror (invisible), a vampire (invisible), an orc wizard
and an orc.

Vanquished Creatures
  A hornet (D:9)
  Eustachio (D:6)
  A killer bee (D:8)
  A soldier ant (D:9)
  Edmund (D:6)
  An orc warrior (D:6)
  2 sky beasts
  An eye of draining (D:8)
  2 ice beasts
  2 ogres (D:7)
  An ogre (shapeshifter) (D:9)
  2 centaurs
  A crocodile (D:8)
  2 bullfrogs
  A wyvern zombie (D:10)
  A water moccasin zombie (D:5)
  A wyvern skeleton (D:6)
  3 scorpions
  10 wights
  A howler monkey (D:6)
  3 crimson imps
  2 quasits
  A centaur zombie (D:6)
  2 centaur skeletons
  A hound (D:7)
  5 jellies
  3 orc priests
  3 bullfrog skeletons
  An iguana (D:9)
  3 orc wizards
  6 worker ants
  A hound zombie (D:6)
  A hound skeleton (D:9)
  Robin (D:2)
  14 adders
  A shadow imp (D:7)
  An ooze (D:2)
  2 adder skeletons
  2 adder zombies
  5 worms
  2 dart slugs (D:1)
  3 leopard geckos
  14 orcs
  6 bats
  4 giant cockroaches
  12 goblins
  11 hobgoblins
  6 jackals
  8 kobolds
  7 quokkas
  2 frilled lizards
  A giant cockroach zombie (D:6)
  A jackal zombie (D:5)
  5 rats
176 creatures vanquished.

Vanquished Creatures (collateral kills)
  A killer bee (D:8)
1 creature vanquished.

Vanquished Creatures (others)
  2 killer bees (D:8)
  A goblin (D:2)
3 creatures vanquished.

Grand Total: 180 creatures vanquished

Notes
Turn   | Place    | Note
-------+----------+-------------------------------------------
     0 | D:1      | Narretz the Tengu Skald began the quest for the Orb.
     0 | D:1      | Reached XP level 1. HP: 12/12 MP: 4/4
    10 | D:1      | Noticed a centaur
   108 | D:1      | Reached XP level 2. HP: 17/17 MP: 3/6
   467 | D:1      | Reached XP level 3. HP: 15/21 MP: 5/7
   936 | D:2      | Found a sacrificial altar of Ru.
   951 | D:2      | Found a sparkling altar of Nemelex Xobeh.
   956 | D:2      | Found a hazy altar of Hepliaklqana.
   963 | D:2      | Found a bloodstained altar of Trog.
   992 | D:2      | Reached XP level 4. HP: 18/26 MP: 8/8
  1162 | D:2      | Found a stormy altar of Qazlal.
  1170 | D:2      | Noticed a water elemental
  1172 | D:2      | Noticed a fire elemental
  1172 | D:2      | Noticed an air elemental
  1172 | D:2      | Noticed an earth elemental
  1178 | D:2      | Became a worshipper of Qazlal Stormbringer
  1243 | D:2      | Noticed Robin
  1264 | D:2      | Killed Robin
  1281 | D:2      | Learned a level 2 spell: Song of Slaying
  1543 | D:2      | HP: 1/26 [poisoned by an adder]
  2164 | D:3      | Gained mutation: You can fly. [Tengu growth]
  2164 | D:3      | Reached XP level 5. HP: 28/30 MP: 9/9
  2188 | D:3      | Found a stormy altar of Qazlal.
  2201 | D:3      | Found a deep blue altar of Sif Muna.
  2206 | D:3      | Found a white marble altar of Elyvilon.
  2446 | D:3      | Found a faded altar of an unknown god.
  3497 | D:4      | Found a glowing golden altar of the Shining One.
  4077 | D:4      | Reached * piety under Qazlal
  4077 | D:4      | Reached XP level 6. HP: 19/36 MP: 6/11
  4086 | D:4      | Reached skill level 1 in Stealth
  4504 | D:4      | Reached skill level 1 in Polearms
  4504 | D:4      | Reached XP level 7. HP: 29/41 MP: 12/12
  4703 | D:5      | Entered Level 5 of the Dungeon
  4861 | D:5      | Found a shimmering altar of Xom.
  4864 | D:5      | Found a shimmering altar of Xom.
  4864 | D:5      | Found a shimmering altar of Xom.
  4925 | D:5      | Found a shimmering altar of Xom.
  4925 | D:5      | Found a shimmering altar of Xom.
  4929 | D:5      | Found a shimmering altar of Xom.
  4929 | D:5      | Found a shimmering altar of Xom.
  4945 | D:5      | Reached skill level 2 in Polearms
  4987 | D:5      | Reached skill level 3 in Polearms
  5227 | D:5      | Reached skill level 4 in Polearms
  5227 | D:5      | Reached XP level 8. HP: 23/48 MP: 13/13
  5449 | D:5      | Reached skill level 1 in Throwing
  5795 | D:6      | Found a blossoming altar of Fedhas.
  5831 | D:6      | Noticed Edmund
  5872 | D:6      | Killed Edmund
  6020 | D:6      | Reached ** piety under Qazlal
  6034 | D:6      | Learned a level 1 spell: Magic Dart
  6037 | D:6      | Learned a level 2 spell: Blink
  6136 | D:6      | Reached skill level 5 in Polearms
  6161 | D:6      | Got a twisted ring mail
  6171 | D:6      | Found an opulent altar of Gozag.
  6210 | D:6      | Identified the +1 ring mail "Vaowivul" {rElec} (You found
                  | it on level 6 of the Dungeon)
  6215 | D:6      | Learned a level 3 spell: Regeneration
  6619 | D:6      | Found a staircase to the Ecumenical Temple.
  6787 | D:6      | Noticed Eustachio
  6812 | D:6      | Killed Eustachio
  6812 | D:6      | Reached skill level 6 in Polearms
  7038 | D:7      | Reached XP level 9. HP: 53/53 MP: 7/16
  7134 | D:7      | Got a crystal rapier
  7141 | D:7      | Identified the cursed +2 rapier of Gluttony {drain, SInv}
                  | (You found it on level 7 of the Dungeon)
  7189 | D:7      | Found a hide-covered altar of Uskayaw.
  7729 | D:7      | Found a snail-covered altar of Cheibriados.
  7862 | D:7      | Reached skill level 5 in Fighting
  8485 | D:8      | Found a staircase to the Lair.
  8640 | D:8      | Reached skill level 1 in Conjurations
  8898 | D:8      | Reached skill level 1 in Evocations
  8908 | D:8      | Reached skill level 7 in Polearms
  9178 | D:8      | You fall through a shaft!
  9254 | D:9      | Noticed a hornet
  9261 | D:9      | Paralysed by a hornet for 2 turns
  9270 | D:9      | Killed a hornet
  9317 | D:10     | Entered Level 10 of the Dungeon
  9321 | D:10     | Reached skill level 8 in Polearms
  9620 | D:9      | Found a staircase to the Orcish Mines.
  9684 | D:9      | Reached XP level 10. HP: 59/59 MP: 18/18
  9739 | D:8      | Learned a level 3 spell: Ozocubu's Armour
  9871 | D:8      | Reached skill level 5 in Dodging
 10664 | D:9      | Noticed an unseen horror
 10675 | D:9      | Slain by a vampire

Skill      XL: |  1  2  3  4  5  6  7  8  9 10 |
---------------+-------------------------------+-----
Charms         | 3 4 |  4.1
Dodging        | 3 4 5 |  5.2
Axes           | 3 4 |  4.4
Fighting       | 3 4 5 |  5.6
Armour         | 2 3 |  3.3
Stealth        | 1 |  1.8
Spellcasting   | 3 4 |  4.8
Polearms       | 1 4 6 8 |  8.9
Throwing       | 2 3 |  3.2
Conjurations   | 2 3 |  3.1
Evocations     | 1 |  1.2
Necromancy     | |  0.5
Invocations    | |  0.8

Action                   |  1- 3 |  4- 6 |  7- 9 | 10-12 || total
-------------------------+-------+-------+-------+-------++-------
Melee: Hand axe          |    68 |   136 |       |       ||   204
       Kick              |    18 |    32 |    91 |    12 ||   153
       Peck              |     6 |    21 |    42 |     5 ||    74
       Spear             |       |    35 |   206 |       ||   241
       Halberd           |       |       |   141 |    33 ||   174
Throw: Stone             |       |    11 |    14 |       ||    25
       Tomahawk          |       |       |    21 |     5 ||    26
       Javelin           |       |       |    38 |     5 ||    43
 Cast: Infusion          |    11 |    19 |    10 |     4 ||    44
       Song of Slaying   |       |     6 |     6 |       ||    12
       Magic Dart        |       |       |    19 |     4 ||    23
Invok: Upheaval          |       |       |     3 |     2 ||     5
Evoke: Wand              |       |       |    10 |       ||    10
  Use: Scroll            |     1 |     2 |     5 |       ||     8
       Potion            |       |     3 |     2 |     1 ||     6
 Stab: Sleeping          |       |     1 |       |       ||     1
  Eat: Chunk             |     1 |    11 |    10 |     1 ||    23
       Ration            |       |       |     2 |     1 ||     3
Armor: Leather armour    |    13 |    24 |    45 |     6 ||    88
Dodge: Dodged            |    51 |   118 |   207 |    26 ||   402
Block: Other             |       |     2 |    18 |     4 ||    24
